 Dungeon Crawl Stone Soup version 0.30.1-11-g7821555f0a (webtiles) character file.

Game seed: 11407745955447891501

2489 Eryximachus the Sneak (level 9, -5/87 HPs)
             Began as an Octopode Hedge Wizard on Nov 30, 2023.
             Shot with an arrow by a centaur (7 damage)
             ... on level 7 of the Dungeon on Dec 1, 2023.
             The game lasted 00:46:24 (11024 turns).

Eryximachus the Sneak (Octopode Hedge Wizard)      Turns: 11024, Time: 00:46:24

Health: -5/87      AC: 16    Str: 15    XL:     9   Next: 52%
Magic:  15/16      EV:  2    Int: 23    God:
Gold:   334        SH:  0    Dex: 12    Spells: 10/18 levels left

rFire   . . .        A - +4 hand axe of Exquisite Death {freeze, rC+ Int+3}
rCold   + + .        (no shield)
rNeg    . . .        b - melded +0 hat
rPois   +            i - amulet of regeneration
rElec   .            S - +6 ring of strength
rCorr   .            C - ring of protection from cold
SInv    .            (no ring)
Will    .....        (no ring)
Stlth   +++          (no ring)
HPRegen 1.14/turn    (no ring)
MPRegen 0.15/turn    (no ring)
                     (no ring)

%: no passive effects
@: tree-form, corroded
A: stationary, stasis, torment immunity, boosted hp, almost no armour,
(amphibious), 8 rings, (camouflage 1), (gelatinous body 1), (nimble swimmer 1),
(tentacles)
a: no special abilities


You were on level 7 of the Dungeon.
You were a tree.
You visited 1 branch of the dungeon, and saw 10 of its levels.

You collected 334 gold pieces.


Innate Abilities, Weirdness & Mutations

You are a tree.
Your roots penetrate the ground, keeping you stationary.
You cannot be teleported.
You are immune to unholy pain and torment.
Your maximum health is greatly increased.
You cannot wear most types of armour.
((You are amphibious.))
You can wear up to eight rings at the same time.
((Your skin changes colour to match your surroundings (Stealth+).))
((Your rubbery body absorbs attacks. (AC +1, EV +1)))
((You are camouflaged when in or above water. (Stealth+)))
((You have tentacles for arms and can constrict up to eight enemies at once.))


   Skills:
 + Level 4.1 Fighting
 + Level 4.1 Axes
 - Level 4.0 Dodging
 - Level 7.0 Stealth
 - Level 5.0 Spellcasting
 + Level 4.1 Conjurations
 - Level 3.0 Summonings
 - Level 3.0 Translocations
 - Level 3.0 Air Magic
 - Level 5.0 Poison Magic
 + Level 1.0 Evocations


You had 10 spell levels left.
You knew the following spells:

 Your Spells              Type           Power      Damage    Failure   Level
c - Call Imp              Summ           38%        N/A       4%          2
d - Mephitic Cloud        Conj/Pois/Air  24%        N/A       5%          3
m - Magic Dart            Conj           96%        1d7       1%          1
B - Blink                 Tloc           38%        N/A       4%          2

Your spell library contained the following spells:

 Spells                   Type           Power      Damage    Failure   Level
 Cigotuvi's Dreadful Rot  Necr/Pois/Air  36%        N/A       4%          2
 Slow                     Hex            20%        N/A       10%         1
 Passage of Golubria      Tloc           19%        N/A       26%         4
 Tukima's Dance           Hex            5%         N/A       28%         3
 Animate Dead             Necr           5%         N/A       67%         4
 Borgnjor's Vile Clutch   Necr/Erth      2%         N/A       95%         5
 Yara's Violent Unravell  Hex/Tmut       2%         3d3       95%         5
 Death Channel            Necr           2%         N/A       100%        6

Inventory:

Hand Weapons
 A - the +4 hand axe of Exquisite Death (weapon) {freeze, rC+ Int+3}
   (You found it on level 6 of the Dungeon)

   Int:       It affects your intelligence (+3).
   rC:        It protects you from cold.
Missiles
 r - 14 poisoned darts (quivered)
 z - a throwing net {=f}
Armour
 b - a +0 hat (melded)
Magical Staves
 o - a staff of air {!a}
Jewellery
 f - an amulet of reflection
 i - an amulet of regeneration (around neck)
 C - a ring of protection from cold (right branch)
 S - a +6 ring of strength (left branch)
Wands
 j - a wand of roots (8)
 u - a wand of charming (7)
Scrolls
 d - a scroll of immolation {unknown}
 g - a scroll of silence {unknown}
 h - a scroll of noise {unknown}
 l - 2 scrolls of teleportation {@r2}
 n - a scroll of enchant weapon {unknown}
 s - 2 scrolls of vulnerability {unknown}
 v - a scroll of acquirement {unknown}
 w - a scroll of summoning {unknown}
 x - 2 scrolls of amnesia {unknown}
 y - a scroll of enchant armour {unknown}
 B - a scroll of identify {@r1}
Potions
 a - 2 potions of might
 c - 2 potions of magic
 e - 3 potions of haste {@q3}
 k - 2 potions of curing {@q1}
 m - 3 potions of brilliance
 p - a potion of lignification
 q - a potion of mutation {unknown}
 t - a potion of invisibility {unknown}

Dungeon Overview and Level Annotations

Branches:
Dungeon (10/15)
 Temple: D:4-7         Lair: D:8-11         Orc: D:9-12

Altars:
Dithmenos
Hepliaklqana
Sif Muna
Xom

Annotations:
D:3 Sigmund
D:4 exclusion: ogre
D:9 exclusion: yak, Joseph, Maurice, Prince Ribbit

........##.# ....####
.#......##.# .......#
.#......##.# #......#
.#......##.# #......#
.#......##.# #......#
.#...)..##.# #c.....#
.#......##.# #......#
.#####..##.########......#
##..#......♣.c......+ ##
##.)..#######......# ####.
####.......#......####...^
#######..########......
##.# #....#....
#.#####.####.$.. #.##....#
#.... #..#.#######....
#####.>............


You could see a centaur.


Message History

The centaur kicks your cerulean imp but does no damage.
The jelly hits you. The acid corrodes you!
You are splashed with acid!
Your cerulean imp hits the centaur with a -3 spear.
You hit the jelly but do no damage.
Your tentacles burn!
You squeeze the jelly.
The jelly is severely wounded.
The centaur wields a +0 shortbow.
The centaur shoots an arrow.
The arrow hits your cerulean imp!
Your cerulean imp dies!
Your cerulean imp disappears in a puff of smoke!
The jelly misses you.
You hit the jelly but do no damage.
Your tentacles burn!
The jelly is severely wounded.
The jelly hits you.
You are splashed with acid!
* * * LOW HITPOINT WARNING * * *
Unknown command.
You hit the jelly. You freeze the jelly.
You kill the jelly!
The centaur shoots an arrow.
The arrow hits you!
* * * LOW HITPOINT WARNING * * *
The centaur shoots an arrow.
The arrow hits you!
* * * LOW HITPOINT WARNING * * *
Your Evocations skill increases to level 1!
Okay, then.
Unknown command.
Sorry, you're not good enough to have a special ability.
Really quaff the potion of lignification?
You turn into a tree.
Your +0 hat melds into your body.
Your roots penetrate the ground.
The centaur shoots an arrow.
The arrow hits you!
You die...

Skill      XL: |  1  2  3  4  5  6  7  8  9 |
---------------+----------------------------+-----
Conjurations   | 2 4 |  4.1
Summonings     | 2 3 |  3.0
Fighting       | 1 2 4 |  4.1
Translocations | 2 3 |  3.0
Poison Magic   | 2 4 5 |  5.0
Air Magic      | 1 2 3 |  3.0
Stealth        | 3 7 |  7.0
Spellcasting   | 5 |  5.0
Axes           | 4 |  4.1
Dodging        | 4 |  4.0
Evocations     | 1 |  1.0

Action                     |  1- 3 |  4- 6 |  7- 9 || total
---------------------------+-------+-------+-------++-------
  Melee: Dagger            |    51 |    45 |    47 ||   143
         Constrict         |    14 |    14 |    35 ||    63
         Tentacles         |     7 |     9 |    38 ||    54
         Punch             |     1 |       |     4 ||     5
         Hand axe          |       |       |    93 ||    93
  Throw: Dart              |       |       |     5 ||     5
         Throwing net      |       |       |     1 ||     1
   Cast: Magic Dart        |    41 |    30 |    38 ||   109
         Call Imp          |     5 |    35 |    46 ||    86
         Blink             |       |       |     4 ||     4
         Mephitic Cloud    |       |       |     2 ||     2
  Evoke: Wand              |       |       |     2 ||     2
    Use: Potion            |       |       |     2 ||     2
         Scroll            |       |       |     4 ||     4
   Stab: Sleeping          |     4 |     2 |     1 ||     7
         Distracted        |       |     1 |     3 ||     4
 Armour: Skin              |    12 |     1 |     3 ||    16
  Dodge: Dodged            |    35 |    36 |    67 ||   138

Levels and vault maps discovered:
D:1:      ncdulo_halloftheorcs, layout_basic, corexii_hall_statues_i
D:2:      layout_basic, shapermc_ecumenical_altar_notcrosses,
          roderic_serpentine_path, minmay_pentomino_v2
D:3:      layout_basic, kennysheep_crisscross, uniq_sigmund, uniq_jessica,
          uniq_robin
D:4:      layout_cave_pools, kennysheep_generic_room_15, uniq_natasha
D:5:      layout_basic, tgw_xom, mainiacjoe_overflow_small_starburst,
          general_overflow_altar, minmay_crystal_room, grunt_decor_resistance,
          minmay_crossroads, uniq_grinder
D:6:      layout_basic, minmay_temple_entry_nine_rooms, minmay_between
D:7:      layout_basic, led_sif_book, enter_bailey_2
D:8:      layout_basic, mainiacjoe_overflow_catwalk,
          lemuel_coloured_pillars_altar, mainiacjoe_overflow_brackets,
          serial_shops, nicolae_shop_peninsula
D:9:      layout_basic, uniq_prince_ribbit1, uniq_harold, uniq_joseph,
          uniq_maurice
D:10:     layout_rooms, evilmike_ruin_ashenzari,
          nicolae_elyvilon_peaceful_grove, okawaru_ov_weapons_minmay,
          orc_0_dummy, worms_lemuel, uniq_gastronok, uniq_sonja

Notes
Turn   | Place    | Note
-------+----------+-------------------------------------------
     0 | D:1      | Eryximachus the Octopode Hedge Wizard began the quest for
                  | the Orb.
     0 | D:1      | Reached XP level 1. HP: 11/11 MP: 4/4
   203 | D:1      | Reached skill level 2 in Conjurations
   203 | D:1      | Reached XP level 2. HP: 17/17 MP: 0/6
   206 | D:1      | Learned a level 2 spell: Call Imp
   675 | D:1      | Reached skill level 2 in Summonings
   878 | D:1      | Reached XP level 3. HP: 20/21 MP: 7/7
  1558 | D:2      | Found a faded altar of an unknown god.
  1983 | D:3      | Noticed Sigmund
  2505 | D:3      | Noticed Robin
  2514 | D:3      | Reached skill level 3 in Summonings
  2530 | D:3      | Reached XP level 4. HP: 21/27 MP: 5/8
  2570 | D:3      | Killed Robin
  2678 | D:3      | Noticed Jessica
  2684 | D:3      | Killed Jessica
  2685 | D:3      | Reached skill level 1 in Fighting
  2685 | D:3      | Reached skill level 2 in Translocations
  2715 | D:3      | Learned a level 2 spell: Blink
  3300 | D:4      | Noticed Natasha
  3308 | D:4      | Killed Natasha
  3309 | D:4      | Reached XP level 5. HP: 33/33 MP: 6/9
  3392 | D:4      | Reached skill level 3 in Translocations
  3434 | D:4      | Learned a level 3 spell: Mephitic Cloud
  3501 | D:4      | Noticed an ogre
  3604 | D:4      | Noticed Natasha
  3608 | D:4      | Killed Natasha
  3609 | D:4      | Reached skill level 2 in Fighting
  3609 | D:4      | Reached skill level 1 in Poison Magic
  4125 | D:4      | Noticed Natasha
  4308 | D:4      | Killed Natasha
  4309 | D:4      | Reached skill level 1 in Air Magic
  4309 | D:4      | Reached skill level 2 in Poison Magic
  4309 | D:4      | Reached XP level 6. HP: 35/39 MP: 7/10
  4718 | D:5      | Entered Level 5 of the Dungeon
  4839 | D:5      | Reached skill level 3 in Poison Magic
  5031 | D:5      | Noticed Grinder
  5039 | D:5      | Paralysed by Grinder for 5 turns
  5499 | D:5      | Found a hazy altar of Hepliaklqana.
  5568 | D:5      | Found a shadowy altar of Dithmenos.
  5629 | D:5      | Reached skill level 2 in Air Magic
  5866 | D:5      | Reached skill level 4 in Poison Magic
  6214 | D:5      | Reached skill level 3 in Stealth
  6234 | D:5      | Reached XP level 7. HP: 39/45 MP: 3/11
  7084 | D:5      | Found a shimmering altar of Xom.
  7155 | D:5      | Killed Grinder
  7156 | D:5      | Reached skill level 3 in Fighting
  7156 | D:5      | Reached skill level 4 in Conjurations
  7694 | D:5      | Reached skill level 4 in Fighting
  8175 | D:6      | Reached XP level 8. HP: 48/54 MP: 13/13
  8462 | D:6      | Identified the +4 hand axe of Exquisite Death {freeze, rC+
                  | Int+3}
  8503 | D:6      | Reached skill level 4 in Spellcasting
  8565 | D:6      | Reached skill level 1 in Axes
  8646 | D:6      | HP: 1/54 [something/puff of flame (11)]
  8862 | D:6      | Reached skill level 2 in Axes
  9071 | D:6      | Reached skill level 3 in Air Magic
  9127 | D:6      | Identified the +5 dagger of Unreason {heavy, rN++}
  9173 | D:6      | Reached skill level 3 in Axes
  9173 | D:6      | Reached skill level 5 in Poison Magic
  9304 | D:6      | Reached skill level 5 in Spellcasting
  9377 | D:6      | Reached skill level 4 in Axes
  9426 | D:6      | Reached XP level 9. HP: 58/58 MP: 8/16
  9654 | D:6      | Reached skill level 3 in Dodging
  9654 | D:6      | Reached skill level 4 in Stealth
  9694 | D:6      | Reached skill level 5 in Stealth
 10338 | D:6      | Reached skill level 4 in Dodging
 10338 | D:6      | Reached skill level 6 in Stealth
 10436 | D:6      | You fall into a shaft and drop 3 floors!
 10443 | D:9      | Noticed Maurice
 10474 | D:9      | Noticed Joseph
 10627 | D:9      | Noticed Prince Ribbit
 10661 | D:10     | Entered Level 10 of the Dungeon
 10825 | D:7      | Found a shimmering blue altar of Sif Muna.
 10895 | D:7      | Reached skill level 7 in Stealth
 11023 | D:7      | HP: 1/58 [centaur/arrow (9)]
 11024 | D:7      | Reached skill level 1 in Evocations
 11024 | D:7      | Shot with an arrow by a centaur

Vanquished Creatures
  Grinder (D:5)
  A steam dragon (D:6)
  2 ice beasts
  An orc warrior (D:6)
  An ogre (D:6)
  A centaur (D:6)
  A kobold brigand (D:7)
  3 scorpions
  A gnoll sergeant (D:6)
  4 wights (D:6)
  2 howler monkeys (D:7)
  2 orc priests
  A jelly (D:7)
  4 hounds
  7 iguanas
  Natasha (thrice) (D:4)
  An orc wizard (D:5)
  A sleepcap (D:6)
  Robin (D:3)
  3 gnolls (D:5)
  2 adders
  A shadow imp (D:5)
  An ufetubus (D:5)
  A worm (D:4)
  13 orcs
  7 ball pythons
  3 bats (D:1)
  6 endoplasms
  6 giant cockroaches
  9 goblins
  4 hobgoblins
  3 jackals (D:1)
  7 kobolds
  3 frilled lizards (D:2)
  4 rats
111 creatures vanquished.

Vanquished Creatures (collateral kills)
  A wraith (D:6)
  A black bear (D:6)
  2 wights (D:6)
  Jessica (D:3)
  An iguana (D:4)
  An orc wizard (D:6)
  2 adders
  A gnoll (D:5)
  6 orcs
  6 goblins
  A hobgoblin (D:3)
  A quokka (D:4)
  A kobold (D:3)
25 creatures vanquished.

Vanquished Creatures (others)
  An orc wizard (D:5)
1 creature vanquished.

Grand Total: 137 creatures vanquished

Table legend: (Time is in decaauts)
 A = Elapsed time spent in this place.
 B = Non-inter-level travel time spent in this place.
 C = Inter-level travel time spent in this place.
 D = Time resting spent in this place.
 E = Time spent auto-exploring this place.
 F = Levels seen in this place.
 G = Mean time per level.
                   A        B        C        D        E       F      G
               +--------+--------+--------+--------+--------+-----+--------+
         Total |  11044 |  10588 |    456 |   3951 |   2396 |  10 | 1104.4 |
       Dungeon |  11044 |  10588 |    456 |   3951 |   2396 |  10 | 1104.4 |
               +--------+--------+--------+--------+--------+-----+--------+

Top non-repeatable levels by time:
     D:5: 3151 daAuts
     D:6: 2305 daAuts
     D:4: 1575 daAuts
     D:3: 1449 daAuts
     D:2: 1052 daAuts
     D:1: 922 daAuts
     D:9: 260 daAuts
     D:7: 222 daAuts
     D:8: 68 daAuts
    D:10: 36 daAuts

Table legend:
 A = Non-vault XP
 B = Vault XP
 C = Vault XP percentage of total XP
 D = Non-vault monster count
 E = Vault monster count
 F = Vault count percentage of total count
                 A         B        C        D         E       F
            +---------+---------+-------+---------+---------+-------
      Total |    2621 |     935 |  26.3 |     111 |      26 |  19.0
            +---------+---------+-------+---------+---------+-------
        D:1 |      36 |       0 |   0.0 |      20 |       0 |   0.0
        D:2 |      12 |       3 |  20.0 |       8 |       2 |  20.0
        D:3 |      18 |      72 |  80.0 |      11 |      13 |  54.2
        D:4 |     189 |      36 |  16.0 |      16 |       1 |   5.9
        D:5 |     616 |     298 |  32.6 |      20 |       5 |  20.0
        D:6 |    1456 |     526 |  26.5 |      27 |       5 |  15.6
        D:7 |     294 |       0 |   0.0 |       9 |       0 |   0.0
            +---------+---------+-------+---------+---------+-------
